 Dungeon Crawl Stone Soup version 0.19.5 (webtiles) character file.

357 JeffiDaFish the Cudgeler (level 6, -1/39 HPs)
             Began as a Gargoyle Monk on Dec 11, 2017.
             Slain by a mummy (5 damage)
             ... in an ossuary on Dec 13, 2017.
             The game lasted 00:07:49 (2926 turns).

JeffiDaFish the Cudgeler (Gargoyle Monk)            Turns: 2926, Time: 00:07:50

Health: -1/39      AC: 11    Str: 15    XL:     6   Next: 64%
Magic:  6/6        EV: 12    Int: 10    God:
Gold:   168        SH:  0    Dex: 14    Spells: 0 memorised, 5 levels left

rFire  . . .     SeeInvis .     a - +3 mace
rCold  + + .     Gourm    .     d - +0 ring mail
rNeg   + . .     Faith    .     (no shield)
rPois  ∞         Spirit   .     (no helmet)
rElec  +         Reflect  .     e - +0 cloak
rCorr  .         Harm     .     h - +0 pair of gloves
MR     .....                    (no boots)
Stlth  ++........               (no amulet)
                                (no ring)
                                i - ring of protection from cold

@: marked
A: cold resistance 1, negative energy resistance 1, electricity resistance,
unbreathing, petrification resistance, rot immunity, AC +4
a: no special abilities


You were in an ossuary.
You were near starving.

You visited 1 branch of the dungeon, and saw 4 of its levels.
You also visited: Ossuary.

You collected 168 gold pieces.

Inventory:

Hand Weapons
 a - a +3 mace (weapon)
Armour
 d - a +0 ring mail (worn)
 e - a +0 cloak (worn)
 h - a +0 pair of gloves (worn)
Jewellery
 i - a ring of protection from cold (left hand)
Scrolls
 j - a scroll of remove curse
 k - a scroll of recharging
Comestibles
 c - 3 bread rations
 f - 3 meat rations
 g - a beef jerky


   Skills:
 + Level 4.7 Fighting
 + Level 5.1 Maces & Flails
 + Level 1.3 Armour
 + Level 3.3 Dodging
 + Level 3.5 Stealth


You had 5 spell levels left.
You didn't know any spells.

Dungeon Overview and Level Annotations

Branches:
Dungeon (4/15)             Temple (0/1) D:4

Altars:
Gozag
Qazlal


Innate Abilities, Weirdness & Mutations

You are resistant to torment.
Your stone body is resilient. (AC +4)
You are immune to poison.
You resist negative energy. (rN+)
You are resistant to electric shocks. (rElec)
You can survive without breathing.
You are immune to petrification.
You are immune to rotting.
Your flesh is cold resistant. (rC+)


Message History

Okay, then.
You aren't carrying any potions.
You thump the mummy!
The mummy is heavily damaged.
The centaur zombie hits you.
* * * LOW HITPOINT WARNING * * *
The orc zombie closely misses you. The mummy hits you.
* * * LOW HITPOINT WARNING * * *
The mummy misses you.
An orc zombie comes into view.
You hit the centaur zombie.
The centaur zombie is heavily damaged.
The centaur zombie hits you but does no damage.
The orc zombie barely misses you.
The centaur zombie hits you but does no damage.
The mummy barely misses you.
You hit the mummy but do no damage.
The mummy is heavily damaged.
The centaur zombie closely misses you. The mummy hits you.
You die...

.##############...#
..#...# #...#
.#...## #...#
####'.... #...#
#.....∩.# #...#
#.....ZZ# #...#
#....ZZZ# #...#
#.....ZM####Z#...#
#.....ZM@ZZZZ#...#
#.####ZZ####Z#...#
#ZZ# #...# #..#
#...#
.######Z.######...#
......Z...........#
......8..8........#
..................#
..................#


You could see 2 mummies, a rat zombie, 3 hobgoblin zombies, 3 kobold zombies, a
big kobold zombie, 6 orc zombies, an elf zombie, 3 centaur zombies and a human
zombie.

Vanquished Creatures
  The ghost of qazlulz the Cudgeler, an amateur GrBe of Trog (D:4)
  A centaur skeleton (D:4)
  Jessica (D:2)
  A mummy (D:4)
  4 adders
  An adder zombie (Ossuary)
  An adder skeleton (D:4)
  A worm (D:2)
  A dart slug (D:2)
  4 leopard geckos
  2 bats
  7 giant cockroaches
  6 goblins
  8 hobgoblins
  2 jackals (D:2)
  5 kobolds
  2 quokkas (D:2)
  6 frilled lizards
  5 hobgoblin zombies (Ossuary)
  A jackal zombie (Ossuary)
  2 kobold zombies (Ossuary)
  7 orc zombies (Ossuary)
  12 rats
81 creatures vanquished.

Notes
Turn   | Place    | Note
-------+----------+-------------------------------------------
     0 | D:1      | JeffiDaFish the Gargoyle Monk began the quest for the Orb.
     0 | D:1      | Reached XP level 1. HP: 14/14 MP: 1/1
   217 | D:1      | Reached XP level 2. HP: 19/19 MP: 2/2
   792 | D:2      | Reached XP level 3. HP: 16/24 MP: 3/3
   951 | D:2      | Found an opulent altar of Gozag.
  1346 | D:2      | Reached XP level 4. HP: 25/29 MP: 4/4
  1553 | D:2      | Noticed Jessica
  1564 | D:2      | Killed Jessica
  1956 | D:3      | Reached skill level 4 in Maces & Flails
  2000 | D:3      | Gained mutation: Your flesh is cold resistant. (rC+) [potion of beneficial mutation]
  2043 | D:3      | Reached XP level 5. HP: 33/33 MP: 5/5
  2419 | D:4      | Found a staircase to the Ecumenical Temple.
  2494 | D:4      | Noticed qazlulz's ghost (amateur GrBe)
  2500 | D:4      | Killed qazlulz's ghost
  2500 | D:4      | Reached XP level 6. HP: 23/39 MP: 6/6
  2550 | D:4      | Reached skill level 5 in Maces & Flails
  2550 | D:4      | Reached skill level 1 in Armour
  2685 | D:4      | Found a stormy altar of Qazlal.
  2760 | D:4      | Found a sand-covered staircase.
  2838 | Ossuary  | Entered an ossuary
  2926 | Ossuary  | Slain by a mummy

Skill      XL: |  1  2  3  4  5  6 |
---------------+-------------------+-----
Fighting       | 4 |  4.7
Stealth        | 3 |  3.5
Dodging        | 3 |  3.3
Maces & Flails | 4 5 |  5.1
Armour         | 1 |  1.3

Action                   |  1- 3 |  4- 6 || total
-------------------------+-------+-------++-------
Melee: Mace              |   156 |   153 ||   309
  Use: Scroll            |     7 |     8 ||    15
       Potion            |     3 |     6 ||     9
 Stab: Sleeping          |     5 |     3 ||     8
  Eat: Chunk             |     2 |     3 ||     5
Armor: Robe              |    58 |    13 ||    71
       Leather armour    |       |     9 ||     9
       Ring mail         |       |    30 ||    30
Dodge: Dodged            |   119 |   110 ||   229
